 Dungeon Crawl Stone Soup version 0.24-a0-307-gf989941 (webtiles) character file.

Game seed: 9666682721939693616

444 galech the Chopper (level 6, 46/48 HPs)
             Began as a Demonspawn Fighter on May 13, 2019.
             Quit the game on level 4 of the Dungeon.
             The game lasted 00:03:02 (2545 turns).

galech the Chopper (Demonspawn Fighter)             Turns: 2545, Time: 00:03:04

Health: 46/48      AC: 11    Str: 16    XL:     6   Next: 72%
Magic:  6/6        EV:  4    Int: 10    God:
Gold:   140        SH:  9    Dex: 16    Spells: 5/5 levels left

rFire    . . .     SeeInvis .   a - +0 war axe
rCold    . . .     Gourm    .   c - +0 shield
rNeg     . . .     Faith    .   l - +0 plate armour
rPois    .         Spirit   +   (helmet restricted)
rElec    .         Reflect  .   (no cloak)
rCorr    .         Harm     .   (no gloves)
MR       .....                  (no boots)
Stlth    ..........             (no amulet)
HPRegen  0.16/turn              (no ring)
MPRegen  0.10/turn              q - +2 ring of dexterity

@: no status effects
A: horns 1, repulsion field 1, spiny 1, magic shield
a: no special abilities


You were on level 4 of the Dungeon.
You were hungry.

You visited 1 branch of the dungeon, and saw 4 of its levels.

You collected 140 gold pieces.

Inventory:

Hand Weapons
 a - a +0 war axe (weapon)
Armour
 c - a +0 shield (worn)
 l - a +0 plate armour (worn)
Jewellery
 p - an uncursed ring of ice
 q - a +2 ring of dexterity (right hand)
Scrolls
 b - a scroll of magic mapping {unknown}
 e - 2 scrolls of amnesia {unknown}
 i - a scroll of enchant armour {unknown}
 j - a scroll of immolation {unknown}
 k - 2 scrolls of teleportation {unknown}
 m - 4 scrolls of remove curse
 s - 4 scrolls of identify {unknown}
 u - a scroll of enchant weapon {unknown}
Potions
 d - a potion of might
 g - a potion of mutation {unknown}
 h - 7 potions of curing {unknown}
 n - a potion of flight {unknown}
 o - a potion of invisibility {unknown}
 r - a potion of degeneration {unknown}
 t - a potion of berserk rage {unknown}
 v - a potion of haste {unknown}
 w - a potion of brilliance {unknown}
Comestibles
 f - 7 rations


   Skills:
 + Level 4.0 Fighting
 + Level 4.5 Axes
 + Level 3.3 Armour
 + Level 0.6 Dodging
 + Level 4.3 Shields


You had 5 spell levels left.
You didn't know any spells.
Your spell library was empty.

Dungeon Overview and Level Annotations

Branches:
Dungeon (4/15)
 Temple: D:4-7

Altars:


Innate Abilities, Weirdness & Mutations

You have a pair of small horns on your head.
You are surrounded by a mild repulsion field. (EV +2)
You are partially covered in sharp spines.
When hurt, damage is shared between your health and your magic reserves.


Message History

A jackal comes into view.
The jackal bites you but does no damage.
You hit the jackal but do no damage.
The jackal bites you but does no damage.
The jackal is struck by your spines.
The jackal bites you but does no damage.
You block the jackal's attack.
You slash the jackal!
You kill the jackal!
You hit the jackal. You block the jackal's attack. x2
You closely miss the jackal.
The jackal is lightly wounded.
The jackal is struck by your spines.
The jackal bites you but does no damage.
You block the jackal's attack.
You slash the jackal!
You kill the jackal!
No target in view!
No target in view!
Are you sure you want to abandon this character and quit the game? (Confirm with "yes".)

#. ............##.........
#.#................†.....#
##.........................
##............>.............
#........... ..............
##....##...###..............
##......#...#.#..............
##......##[..#....##.......###
#........#...@.#
##..........†.###
###.............h.
#..##...!........
#.............#... ..
#....##.....#.#... ....
##....#.....#..... ....
#####..............##. ....
#..................... ......


There were no monsters in sight!

Vanquished Creatures
  A phantom (D:4)
  A necrophage (D:3)
  A scorpion (D:4)
  An orc priest (D:4)
  An iguana (D:3)
  2 orc wizards (D:3)
  2 adders (D:3)
  An adder skeleton (D:4)
  2 worms
  2 dart slugs (D:1)
  3 leopard geckos
  8 orcs
  5 giant cockroaches
  4 goblins
  5 hobgoblins
  11 jackals
  9 bats
  3 frilled lizards
  6 kobolds
  A leopard gecko skeleton (D:4)
  3 rats
72 creatures vanquished.

Notes
Turn   | Place    | Note
-------+----------+-------------------------------------------
     0 | D:1      | galech the Demonspawn Fighter began the quest for the Orb.
     0 | D:1      | Reached XP level 1. HP: 18/18 MP: 1/1
   161 | D:1      | Gained mutation: You are surrounded by a mild repulsion
                  | field. (EV +2) [demonic ancestry]
   161 | D:1      | Reached XP level 2. HP: 20/24 MP: 2/2
   499 | D:1      | Gained mutation: You have a pair of small horns on your
                  | head. [demonic ancestry]
   499 | D:1      | Reached XP level 3. HP: 29/29 MP: 3/3
  1307 | D:3      | Gained mutation: When hurt, damage is shared between your
                  | health and your magic reserves. [demonic ancestry]
  1307 | D:3      | Reached XP level 4. HP: 34/35 MP: 4/4
  1870 | D:4      | Noticed a necrophage
  1888 | D:3      | Killed a necrophage
  1888 | D:3      | Reached XP level 5. HP: 23/41 MP: 5/5
  2247 | D:4      | Gained mutation: You are partially covered in sharp spines.
                  | [demonic ancestry]
  2247 | D:4      | Reached XP level 6. HP: 48/48 MP: 6/6
  2545 | D:4      | Quit the game

Levels and vault maps discovered:
D:1:      dpeg_arrival_chambers_temple_mockup, layout_basic
D:2:      layout_rooms
D:3:      layout_basic, first_ration
D:4:      layout_cave_pools

Skill      XL: |  1  2  3  4  5  6 |
---------------+-------------------+-----
Axes           | 2 3 4 |  4.5
Shields        | 3 4 |  4.3
Armour         | 3 |  3.3
Fighting       | 4 |  4.0
Dodging        | |  0.6

Action                   |  1- 3 |  4- 6 || total
-------------------------+-------+-------++-------
Melee: War axe           |   118 |   112 ||   230
       Headbutt          |     4 |    15 ||    19
  Use: Scroll            |       |     1 ||     1
  Eat: Chunk             |     1 |     4 ||     5
Armor: Scale mail        |    25 |       ||    25
       Plate armour      |    63 |   102 ||   165
Dodge: Dodged            |    27 |    21 ||    48
Block: Shield            |    74 |    72 ||   146

Table legend:
 A = Non-vault XP
 B = Vault XP
 C = Vault XP percentage of total XP
 D = Non-vault monster count
 E = Vault monster count
 F = Vault count percentage of total count
                 A         B        C        D         E       F
            +---------+---------+-------+---------+---------+-------
      Total |     635 |       0 |   0.0 |      72 |       0 |   0.0
            +---------+---------+-------+---------+---------+-------
        D:1 |      41 |       0 |   0.0 |      22 |       0 |   0.0
        D:2 |      26 |       0 |   0.0 |      12 |       0 |   0.0
        D:3 |     294 |       0 |   0.0 |      23 |       0 |   0.0
        D:4 |     274 |       0 |   0.0 |      15 |       0 |   0.0
            +---------+---------+-------+---------+---------+-------
